 Dungeon Crawl Stone Soup version 0.26-a0-1181-gd376ed14c5 (webtiles) character file.

Game seed: 4895165358776901277

17801 Mesmaeker13 the Demolition Dwarf (level 12, -18/114 HPs)
             Began as a Deep Dwarf Hunter on Dec 26, 2020.
             Was an Elder of Makhleb.
             Demolished by a stone giant (20 damage)
             ... on level 1 of the Orcish Mines.
             The game lasted 00:38:58 (11631 turns).

Mesmaeker13 the Demolition Dwarf (DDHu)            Turns: 11631, Time: 00:38:59

Health: -18/114    AC: 18    Str: 22    XL:     12   Next: 22%
Magic:  16/16      EV:  8    Int: 19    God:    Makhleb [****..]
Gold:   991        SH: 10    Dex: 14    Spells: 9/11 levels left

rFire    . . .     SeeInvis .   y - +4 war axe (vorpal)
rCold    . . .     Faith    .   C - +0 kite shield
rNeg     + . .     Spirit   .   c - +0 chain mail
rPois    .         Reflect  .   x - +1 helmet of the Farrier {Will+ Str+3}
rElec    .         Harm     .   (no cloak)
rCorr    .         Rampage  .   W - +0 pair of gloves {archery}
Will     ++...                  k - +2 pair of boots
Stlth    ..........             (no amulet)
HPRegen  0.00/turn              D - ring of positive energy
MPRegen  0.15/turn              N - +6 ring of intelligence

@: non-regenerating, studying Invocations, silenced
A: damage resistance, heal wounds, sense surroundings 2, no regeneration
a: Heal Wounds, Renounce Religion


You were on level 1 of the Orcish Mines.
You worshipped Makhleb.
Makhleb was greatly pleased with you.
You visited 4 branches of the dungeon, and saw 15 of its levels.
You also visited: Ossuary.

You collected 1140 gold pieces.
You spent 149 gold pieces at shops.

Inventory:

Hand Weapons
 a - a +1 hand crossbow
 y - a +4 vorpal war axe (weapon)
 U - a +5 war axe
 V - a +3 morningstar
Missiles
 d - 206 bolts
 p - a throwing net
 G - 6 curare-tipped darts
 K - 8 javelins
Armour
 c - a +0 chain mail (worn)
 k - a +2 pair of boots (worn)
 x - the +1 helmet of the Farrier (worn) {Will+ Str+3}
   (You found it on level 4 of the Dungeon)

   It affects your strength (+3).
   It affects your willpower, your defense against some magical effects.
 C - a +0 kite shield (worn)
 W - a +0 pair of gloves of archery (worn)
Jewellery
 D - a ring of positive energy (left hand)
 N - a +6 ring of intelligence (right hand)
Wands
 v - a wand of disintegration (22)
 w - a wand of digging (5)
 P - a wand of paralysis (2)
 Q - a wand of flame (16)
Scrolls
 b - 4 scrolls of amnesia {unknown}
 e - 8 scrolls of teleportation
 f - 5 scrolls of fog
 l - 3 scrolls of magic mapping
 o - a scroll of noise
 q - 3 scrolls of enchant armour
 r - 6 scrolls of remove curse
 t - 3 scrolls of blinking {unknown}
 u - a scroll of fear {unknown}
 E - a scroll of immolation {unknown}
 L - a scroll of summoning
 O - a scroll of holy word {unknown}
 R - a scroll of silence
 T - a scroll of acquirement {unknown}
Potions
 g - a potion of invisibility {unknown}
 j - a potion of resistance
 m - a potion of ambrosia
 s - 2 potions of magic
 z - 3 potions of brilliance {unknown}
 A - 2 potions of berserk rage
 B - 2 potions of degeneration {unknown}
 F - 4 potions of flight
 I - 3 potions of attraction {unknown}
 J - a potion of mutation {unknown}
 S - a potion of haste {unknown}
Books
 H - a manual of Invocations
Miscellaneous
 M - a tin of tremorstones (1/2)


   Skills:
 + Level 9.3 Fighting
 + Level 5.9 Axes
 - Level 10.0 Crossbows
 - Level 8.7 Armour
 - Level 3.3 Dodging
 - Level 1.2 Stealth
 + Level 5.9 Shields
 + Level 12.6 Invocations
 + Level 10.6 Evocations


You had 9 spell levels left.
You knew the following spells:

 Your Spells              Type           Power        Failure   Level
a - Slow                  Hex            0%           100%        2

Your spell library contained the following spells:

 Spells                   Type           Power        Failure   Level
 Corona                   Hex            0%           99%         1
 Foxfire                  Conj/Fire      0%           99%         1
 Confusing Touch          Hex            0%           100%        3
 Conjure Flame            Conj/Fire      0%           100%        3
 Gell's Gravitas          Tloc           0%           100%        3
 Inner Flame              Hex/Fire       0%           100%        3
 Portal Projectile        Hex/Tloc       0%           100%        3
 Cause Fear               Hex            0%           100%        4
 Leda's Liquefaction      Hex/Erth       0%           100%        4
 Petrify                  Tmut/Erth      0%           100%        4
 Sticky Flame             Conj/Fire      0%           100%        4
 Fireball                 Conj/Fire      0%           100%        5
 Metabolic Englaciation   Hex/Ice        0%           100%        5
 Yara's Violent Unravell  Hex/Tmut       0%           100%        5


Dungeon Overview and Level Annotations

Branches:
Dungeon (12/15)            Temple (1/1) D:7            Lair (1/6) D:8
    Orc (1/2) D:12        Ossuary (visited)

Altars:
Ashenzari
Cheibriados
Dithmenos
Fedhas
Gozag
Hepliaklqana
Makhleb
Nemelex Xobeh
Ru
Sif Muna
Trog
Uskayaw
Vehumet
Wu Jian
Xom
Yredelemnul
Zin
The Shining One

Shops:
D:12 *   Orc:1 [

Annotations:
Orc:1 1 transporter, 1 runed translucent door


Innate Abilities, Weirdness & Mutations

You are resistant to damage.
You can heal yourself by infusing magical energy.
You passively map the area around you.
You do not regenerate.


Message History

The troll barely misses you. The troll claws you. The troll claws you!
You slice the troll!!
You kill the troll!
Makhleb accepts your kill.
The troll leather armour is intact enough to wear.
The moth of wrath goads the stone giant on!
The stone giant goes berserk!
The moth of wrath goads the troll on!
The troll goes berserk!
The stone giant hits you!!
* * * LOW HITPOINT WARNING * * *
Okay, then.
Evoke which item? (* to show all) (? for menu, Esc to quit)
Okay, then.
Okay, then.
Unknown command.
You feel much better. The stone giant hits you!!!
* * * LOW HITPOINT WARNING * * *
You feel much better. The stone giant hits you!!
* * * LOW HITPOINT WARNING * * *
The stone giant hits you!!
You die...

######.......########..##
#.......# #...### #
#.......# #.....# #
###.©.### ##..... #
#y#####y# ##.#.# #
########### ##### ##
##..'.©.'..## .#
*#...'.†.C...# ## *
#....#..@#....#* #
#..#########T.#°#
*#..#y##W##y#..### #, #+
*##..#y , $:_, $..,#e# *,
.$?[ .. . e# # , ⌠..$), ⌠
*, ## * ....... , .# ,
,...C. *


You could see a stone giant (berserk), a moth of wrath and a silent spectre
(silencing).

Vanquished Creatures
  A stone giant (Orc:1)
  Harold (D:8)
  2 two-headed ogres
  An orc knight (Orc:1)
  A manticore (D:12)
  A cyclops (D:11)
  Joseph (D:7)
  A centaur skeleton (D:12)
  A gargoyle (D:11)
  2 kobold demonologists (D:9)
  A hornet (D:8)
  5 trolls
  Grinder (D:3)
  Prince Ribbit (D:8)
  Sigmund (D:4)
  4 humans (D:9)
  A wraith (D:6)
  A shadow (D:12)
  11 yaks
  3 wargs (D:8)
  4 water moccasins
  An ice beast (D:7)
  2 sky beasts
  7 orc warriors
  2 necrophages
  3 wolves (Lair:1)
  A phantom (D:4)
  A black bear (D:8)
  10 ogres
  15 centaurs
  3 big kobolds
  3 bullfrogs
  A water moccasin skeleton (D:6)
  A scorpion (D:4)
  15 wights
  10 killer bees
  3 howler monkeys
  2 centaur zombies
  8 hounds
  2 jellies (D:6)
  A human zombie (Ossuary)
  10 orc priests
  4 bullfrog skeletons
  13 orc wizards
  Jessica (D:2)
  An iguana (D:9)
  6 worker ants
  2 big kobold zombies (Ossuary)
  2 hound zombies
  3 mummies (Ossuary)
  11 adders
  6 shadow imps
  A white imp (D:4)
  4 ufetubi
  6 adder zombies (Ossuary)
  6 adder skeletons
  2 worms
  3 dart slugs
  2 leopard geckos (D:6)
  71 orcs
  7 giant cockroaches
  3 goblins
  7 hobgoblins
  7 jackals
  3 quokkas
  2 ball pythons (D:3)
  6 bats
  6 frilled lizards
  2 gnoll zombies (Ossuary)
  4 goblin zombies
  4 hobgoblin zombies (Ossuary)
  4 jackal zombies (Ossuary)
  18 kobolds
  4 kobold zombies (Ossuary)
  A leopard gecko skeleton (D:4)
  An orc zombie (Ossuary)
  A quokka skeleton (D:7)
  2 quokka zombies (Ossuary)
  14 rats
  3 rat zombies
389 creatures vanquished.

Vanquished Creatures (collateral kills)
  A hydra (D:11)
  An ugly thing (D:11)
  A centaur zombie (D:11)
  A troll (Orc:1)
  2 orc warriors (D:11)
  An orc priest (D:11)
  3 orcs (D:11)
10 creatures vanquished.

Vanquished Creatures (others)
  A death knight (D:12)
  2 freezing wraiths (D:12)
  A wraith (D:12)
  5 fungi (Lair:1)
  17 plants
26 creatures vanquished.

Grand Total: 425 creatures vanquished

Notes
Turn   | Place    | Note
-------+----------+-------------------------------------------
     0 | D:1      | Mesmaeker13 the Deep Dwarf Hunter began the quest for the
                  | Orb.
     0 | D:1      | Reached XP level 1. HP: 19/19 MP: 1/1
   152 | D:1      | Reached XP level 2. HP: 26/26 MP: 2/2
   690 | D:2      | Reached XP level 3. HP: 27/33 MP: 3/3
   794 | D:2      | Noticed Jessica
   873 | D:2      | Noticed a sky beast
  1125 | D:2      | Killed Jessica
  1126 | D:2      | Reached skill level 5 in Crossbows
  1126 | D:2      | Reached XP level 4. HP: 40/40 MP: 4/4
  1714 | D:2      | Killed a sky beast
  1715 | D:2      | Reached skill level 1 in Armour
  1715 | D:2      | Reached XP level 5. HP: 25/49 MP: 5/5
  2058 | D:3      | Noticed Grinder
  2073 | D:3      | Killed Grinder
  2074 | D:3      | Reached XP level 6. HP: 27/57 MP: 6/6
  2200 | D:3      | Reached XP level 7. HP: 57/64 MP: 7/7
  2675 | D:4      | Noticed Sigmund
  2686 | D:4      | Killed Sigmund
  2921 | D:4      | Found a sacrificial altar of Ru.
  3029 | D:4      | Reached skill level 5 in Fighting
  3052 | D:4      | Got an ichor-stained helmet
  3060 | D:4      | Identified the +1 helmet of the Farrier {Will+ Str+3} (You
                  | found it on level 4 of the Dungeon)
  3213 | D:4      | Reached skill level 5 in Armour
  3213 | D:4      | Reached XP level 8. HP: 18/74 MP: 8/8
  3417 | D:5      | Entered Level 5 of the Dungeon
  3462 | D:5      | Found a bloodstained altar of Trog.
  3834 | D:6      | Found an opulent altar of Gozag.
  3834 | D:6      | Found a broken altar of Ashenzari.
  3834 | D:6      | Found a shimmering blue altar of Sif Muna.
  3834 | D:6      | Found an ornate altar of the Wu Jian Council.
  3834 | D:6      | Found a snail-covered altar of Cheibriados.
  3834 | D:6      | Found a hazy altar of Hepliaklqana.
  3847 | D:6      | Reached skill level 1 in Evocations
  4827 | D:7      | Gained mutation: You passively map the area around you.
                  | [Deep Dwarf growth]
  4827 | D:7      | Reached XP level 9. HP: 31/82 MP: 8/8
  4858 | D:7      | Found a staircase to the Ecumenical Temple.
  4867 | Temple   | Entered the Ecumenical Temple
  4874 | Temple   | Became a worshipper of Makhleb the Destroyer
  4960 | D:7      | Found a hide-covered altar of Uskayaw.
  5056 | D:7      | Found a sand-covered staircase.
  5063 | Ossuary  | Entered an ossuary
  5161 | Ossuary  | Reached * piety under Makhleb
  5241 | Ossuary  | Reached skill level 5 in Evocations
  5368 | D:7      | Got a bloodstained dagger
  5446 | D:7      | Reached ** piety under Makhleb
  5450 | D:7      | Identified the +8 dagger of the Trees {protect, *Noise +Inv
                  | SInv Stlth+} (You found it on level 7 of the Dungeon)
  5480 | D:7      | Found a sparkling altar of Nemelex Xobeh.
  5607 | D:7      | Noticed Joseph
  5619 | D:7      | Reached skill level 1 in Invocations
  5620 | D:7      | Killed Joseph
  5621 | D:7      | Reached skill level 3 in Invocations
  5654 | D:7      | Found a glowing golden altar of the Shining One.
  5954 | D:8      | Reached skill level 4 in Invocations
  6103 | D:8      | Reached skill level 5 in Invocations
  6103 | D:8      | Reached XP level 10. HP: 41/94 MP: 10/10
  6147 | D:8      | Found a staircase to the Lair.
  6193 | D:8      | Noticed Harold
  6216 | D:8      | Killed Harold
  6217 | D:8      | Reached skill level 6 in Invocations
  6297 | D:8      | Found a blossoming altar of Fedhas.
  6347 | D:8      | Noticed Prince Ribbit
  6367 | D:8      | Killed Prince Ribbit
  6863 | D:9      | Reached *** piety under Makhleb
  6864 | D:9      | Noticed a two-headed ogre
  6868 | D:9      | Reached skill level 7 in Invocations
  6868 | D:9      | Killed a two-headed ogre
  6869 | D:9      | Reached skill level 10 in Crossbows
  6878 | D:9      | Noticed a sun demon
  6880 | D:8      | Reached skill level 8 in Invocations
  6907 | Lair:1   | Entered Level 1 of the Lair of Beasts
  7111 | Lair:1   | Reached skill level 1 in Axes
  7111 | Lair:1   | Reached skill level 1 in Shields
  7490 | Lair:1   | Noticed a cane toad
  7507 | Lair:1   | Reached skill level 9 in Invocations
  7510 | Lair:1   | HP: 3/96 [cane toad (10)]
  7610 | D:9      | Reached XP level 11. HP: 37/99 MP: 12/12
  7832 | D:9      | Reached **** piety under Makhleb
  7843 | D:9      | Noticed a sixfirhy
  8250 | D:10     | Entered Level 10 of the Dungeon
  8412 | D:10     | Reached skill level 10 in Invocations
  8748 | D:10     | Learned a level 2 spell: Slow
  9118 | D:11     | Found a sparkling altar of Nemelex Xobeh.
  9204 | D:11     | Noticed a four-headed hydra
  9226 | D:11     | Killed a four-headed hydra
  9504 | D:11     | Noticed a white ugly thing
  9520 | D:11     | Killed a white ugly thing
  9789 | D:11     | Reached skill level 11 in Invocations
  9865 | D:12     | Killed a death knight
 10145 | D:12     | Found a staircase to the Orcish Mines.
 10315 | D:12     | Noticed a two-headed ogre
 10328 | D:12     | Killed a two-headed ogre
 10329 | D:12     | Reached skill level 10 in Evocations
 10354 | D:12     | Reached skill level 5 in Shields
 10377 | D:12     | Found Xeshiam's Assorted Antiques.
 10410 | D:12     | Reached skill level 5 in Axes
 10877 | Orc:1    | Entered Level 1 of the Orcish Mines
 10942 | Orc:1    | Reached skill level 12 in Invocations
 10942 | Orc:1    | Reached XP level 12. HP: 93/114 MP: 14/16
 10969 | Orc:1    | Reached ***** piety under Makhleb
 11017 | Orc:1    | Noticed a stone giant
 11067 | Orc:1    | Found Humofem's Armour Shop.
 11090 | Orc:1    | Bought a +0 pair of gloves of archery for 149 gold pieces
 11238 | Orc:1    | Noticed a stone giant
 11272 | Orc:1    | Killed a stone giant
 11521 | Orc:1    | Found a transporter.
 11533 | Orc:1    | Found a transporter.
 11615 | Orc:1    | Found a runed translucent door.
 11615 | Orc:1    | Found a bloodstained altar of Trog.
 11616 | Orc:1    | Found the cursed necklace of Bloodlust {*Rage +Rage Will++
                  | Int-3 Slay+6 *Curse}
 11630 | Orc:1    | HP: 4/114 [stone giant (36)]
 11631 | Orc:1    | Demolished by a stone giant

Illustrated notes

Levels and vault maps discovered:
D:1:      minmay_arrival_four_loops, layout_basic
D:2:      layout_basic, uniq_jessica
D:3:      layout_loops_ring, uniq_grinder
D:4:      layout_cave_pods, nrook_mini_vaults, nicolae_ru_awakened_eye,
          uniq_sigmund
D:5:      layout_basic, bloody_trog
D:6:      layout_basic, grunt_temple_overflow_open, minmay_manual_monstrance
D:7:      layout_rooms, general_overflow_altar, kennysheep_little_box,
          minmay_temple_entry_overgrown, enter_ossuary_4, lemuel_statue_altar,
          uniq_joseph
D:8:      layout_cave_pods, erik_lair_orcish_takeover, basic_altar, uniq_harold,
          uniq_prince_ribbit1
D:9:      layout_basic, minmay_ruffians
D:10:     layout_gridville, grunt_decor_cap
D:11:     layout_irregular_city, serial_column_ruins, column_ruins_hut,
          column_ruins_temple_circle, column_ruins_grid_2,
          column_ruins_columns_corner, column_ruins_columns_straight,
          column_ruins_columns_water, column_ruins_grid_3, chequers_mini_garden
D:12:     layout_basic, hiddenorc1_lemuel, serial_shops,
          nicolae_shop_competitors_out_of_business, lemuel_flamethrower_hall
Temple:   cyrus_circular_temple
Lair:1:   cheibrodos_lair_river_kwai, layout_concentric_octagons,
          grunt_megastairs_1
Orc:1:    emtedronai_trogs_sanctum, layout_diamond_mine, serial_shops, shop

Skill      XL: |  1  2  3  4  5  6  7  8  9 10 11 |
---------------+----------------------------------+-----
Fighting       | 2 3 4 5 6 7 8 9 |  9.3
Dodging        | 3 |  3.3
Crossbows      | 5 6 7 8 9 10 | 10.0
Armour         | 1 3 5 6 7 8 |  8.7
Evocations     | 4 6 8 10 | 10.6
Invocations    | 5 9 12 | 12.6
Axes           | 2 5 |  5.9
Shields        | 2 5 |  5.9
Stealth        | |  1.2

Action                   |  1- 3 |  4- 6 |  7- 9 | 10-12 || total
-------------------------+-------+-------+-------+-------++-------
Melee: Short sword       |    20 |     5 |       |       ||    25
       Long sword        |       |   123 |   267 |    33 ||   423
       War axe           |       |       |       |   352 ||   352
 Fire: Hand crossbow     |    51 |     4 |   170 |   220 ||   445
Throw: Dart              |    13 |     7 |     4 |       ||    24
       Throwing net      |       |     1 |       |       ||     1
Invok: Lesser Servant of |       |       |       |    10 ||    10
       Major Destruction |       |       |       |     2 ||     2
       Minor Destruction |       |       |       |     1 ||     1
 Abil: Heal Wounds       |     1 |     2 |     5 |     8 ||    16
Evoke: Wand              |       |       |    19 |    25 ||    44
       Tin of tremorston |       |       |       |     2 ||     2
  Use: Scroll            |     4 |     5 |     8 |     7 ||    24
       Potion            |     1 |       |     2 |     7 ||    10
 Stab: Paralysed         |       |       |       |    12 ||    12
Armor: Leather armour    |    23 |       |       |       ||    23
       Ring mail         |       |    46 |       |       ||    46
       Scale mail        |       |       |   120 |       ||   120
       Chain mail        |       |       |     6 |   254 ||   260
       Skin              |       |       |       |     6 ||     6
Dodge: Dodged            |    68 |    95 |   201 |   150 ||   514
Block: Kite shield       |       |       |       |   229 ||   229
       Rpst.: Long sword |       |    38 |    63 |     6 ||   107

Table legend: (Time is in decaauts)
 A = Elapsed time spent in this place.
 B = Non-inter-level travel time spent in this place.
 C = Inter-level travel time spent in this place.
 D = Time resting spent in this place.
 E = Time spent auto-exploring this place.
 F = Levels seen in this place.
 G = Mean time per level.
                   A        B        C        D        E       F      G
               +--------+--------+--------+--------+--------+-----+--------+
         Total |  11932 |  11247 |    685 |    656 |   6966 |  16 |  745.8 |
       Dungeon |  10385 |   9702 |    683 |    556 |   6204 |  12 |  865.4 |
        Temple |     14 |     14 |      0 |      0 |      0 |   1 |   14.0 |
          Lair |    510 |    508 |      2 |    100 |    173 |   1 |  510.0 |
  Orcish Mines |    765 |    765 |      0 |      0 |    528 |   1 |  765.0 |
       Ossuary |    257 |    257 |      0 |      0 |     61 |   1 |  257.0 |
               +--------+--------+--------+--------+--------+-----+--------+

Top non-repeatable levels by time:
     D:8: 1213 daAuts
    D:12: 1047 daAuts
     D:6: 1036 daAuts
     D:2: 1017 daAuts
     D:4: 885 daAuts
     D:3: 881 daAuts
    D:11: 828 daAuts
    D:10: 798 daAuts
   Orc:1: 765 daAuts
     D:9: 748 daAuts
     D:7: 740 daAuts
     D:1: 733 daAuts
  Lair:1: 510 daAuts
     D:5: 452 daAuts
 Ossuary: 257 daAuts
